 Dungeon Crawl Stone Soup version 0.13-a0-2450-ga447c6a (webtiles) character file.

4771 Kae the Conjurer (level 10, -23/50 HPs)
             Began as a Tengu Fire Elementalist on July 17, 2013.
             Was a Believer of Vehumet.
             Annihilated by an orc warrior
             ... wielding a +1,+3 orcish trident
              (24 damage)
             ... on Level 9 of the Dungeon.
             The game lasted 00:28:07 (13108 turns).

Kae the Conjurer (Tengu Fire Elementalist)         Turns: 13108, Time: 00:28:07

HP -23/50        AC  3     Str  9      XL: 10   Next: 34%
MP   0/33        EV 12     Int 18      God: Vehumet [**....]
Gold 415         SH  0     Dex 14 (15) Spells:  6 memorised,  5 levels left

Res.Fire  : . . .   See Invis. : .   j - +3 short sword (elec)
Res.Cold  : . . .   Warding    : .   a - +0 robe
Life Prot.: . . .   Conserve   : .   (no shield)
Res.Poison: .       Res.Corr.  : .   (helmet restricted)
Res.Elec. : .       Clarity    : .   D - +0 cloak
Sust.Abil.: . .     Spirit.Shd : +   (no gloves)
Res.Mut.  : .       Stasis     : .   (boots unavailable)
Res.Rott. : .       Flight     : .   x - amulet of guardian spirit
Saprovore : . . .                    H - ring of wizardry
                                     K - ring of magical power

@: somewhat resistant to hostile enchantments, fairly stealthy
A: able to fly, beak, talons 3
a: Fly, Renounce Religion


You were on level 9 of the Dungeon.
You worshipped Vehumet.
Vehumet was most pleased with you.
You were not hungry.

You visited 2 branches of the dungeon, and saw 10 of its levels.

You collected 395 gold pieces.

Inventory:

Hand weapons
 j - a +3,+3 short sword of electrocution (weapon)
 E - a +4,+2 quarterstaff of chaos
Armour
 a - a +0 robe (worn)
 D - a +0 cloak (worn)
Magical devices
 J - a wand of disintegration (14)
Comestibles
 c - 4 bread rations
 g - a rotting chunk of orc flesh
 h - 2 chunks of orc flesh
 l - 2 chokos
 B - an apple
Scrolls
 p - a scroll of fog {unknown}
 u - 4 scrolls of teleportation
 v - a scroll of recharging
 y - a scroll of fear
Jewellery
 f - a +2 ring of protection
 i - an uncursed amulet of conservation
 m - an uncursed ring of poison resistance
 t - an uncursed amulet of resist corrosion {unknown}
 x - an amulet of guardian spirit (around neck)
 C - a +2 ring of strength
 H - a ring of wizardry (right hand)
 I - an uncursed ring of teleportation
 K - a ring of magical power (left hand)
Potions
 d - 5 potions of curing
 e - a potion of flight {unknown}
 n - 3 potions of restore abilities {unknown}
 o - 2 potions of heal wounds {unknown}
 q - a potion of might {unknown}
 r - 4 potions of speed {unknown}
 s - a potion of poison {unknown}
 w - a potion of agility {unknown}
 z - 2 potions of brilliance {unknown}
 A - a potion of berserk rage {unknown}
 G - a potion of degeneration {unknown}
Books
 b - a book of Flames

   Spells                             Type                      Level
   *Flame Tongue                      Conjuration/Fire             1
   *Throw Flame                       Conjuration/Fire             2
   *Conjure Flame                     Conjuration/Fire             3
   Inner Flame                        Hexes/Fire                   3
   *Sticky Flame                      Conjuration/Fire             4
   *Fireball                          Conjuration/Fire             5
Miscellaneous
 k - a fan of gales


   Skills:
 - Level 2.1 Dodging
 - Level 2.0 Stealth
 + Level 6.0 Spellcasting
 * Level 11.9 Conjurations
 * Level 10.7 Fire Magic


You had 5 spell levels left.
You knew the following spells:

 Your Spells              Type           Power        Failure   Level  Hunger
a - Flame Tongue          Conj/Fire      #####        1%          1    None
b - Throw Flame           Conj/Fire      #####.       1%          2    None
c - Conjure Flame         Conj/Fire      #####...     1%          3    ##.....
d - Sticky Flame          Conj/Fire      #####...     1%          4    ####...
e - Shock                 Conj/Air       ####         1%          1    None
f - Fireball              Conj/Fire      #####.....   1%          5    #####..


Dungeon Overview and Level Annotations

Branches:
Dungeon (9/27)             Temple (1/1) D:6
    Orc: D:6-11        Lair: D:8-13

Altars:
Ashenzari
Cheibriados
Elyvilon
Fedhas
Kikubaaqudgha
Makhleb
Nemelex Xobeh
Sif Muna
Trog
Vehumet
Xom
Yredelemnul
Zin
the Shining One

Annotations
D:8 Somebody's ghost, experienced MiFi
D:9 Duvessa; JogiH's ghost, experienced DjWz; Psyche


Innate Abilities, Weirdness & Mutations

You can fly.
You have a beak for a mouth.
You have claws for feet.


Message History

Confirm with . or Enter, or press ? or * to list all spells.
Aiming: Flame Tongue
Press: ? - help, Shift-Dir - straight line, f/p - crocodile
Aim: a crocodile (severely wounded)
The flame hits the crocodile.
The crocodile appears unharmed.
The crocodile is severely wounded.
The crocodile misses you.
The orc warrior hits you from afar with an orcish trident!
* * * LOW HITPOINT WARNING * * *
Casting: Flame Tongue
Confirm with . or Enter, or press ? or * to list all spells.
Aiming: Flame Tongue
Press: ? - help, Shift-Dir - straight line, f/p - crocodile
Aim: a crocodile (severely wounded)
The flame hits the crocodile.
The crocodile is severely wounded.
The crocodile bites you!
* * * LOW HITPOINT WARNING * * *
The orc warrior hits you from afar with an orcish trident!
You die...

.......P.f....#
#...f.P...f...##
#....P...f...%.#
#.P...##'#.%...########
###..P..#) #f..f.).%.....
#...f..)# #..f.%........
#P.Po.####...P%........
#.#...f§t.f...f.....#####
........P@..P.Pff.....%%..
..#.....f...f..f....#####
# ###......f.......%#
###P.....#.##.###
#.##.....##.#
#.##.###<...# #.##.#
###### #.##.# ## . ..# #.


You could see an orc warrior and a crocodile.

Vanquished Creatures
  Grinder (D:6)
  A yak (D:9)
  A wyvern (D:8)
  A hippogriff (D:7)
  A hungry ghost (D:8)
  Edmund (D:6)
  An ice beast (D:9)
  4 orc warriors
  2 ogres
  2 black bears (D:9)
  A sky beast (D:6)
  2 centaurs
  6 giant frogs
  2 crocodiles (D:9)
  A gnoll sergeant (D:8)
  A hippogriff zombie (D:7)
  A killer bee (D:8)
  5 crimson imps
  Dowan (D:9)
  6 orc priests
  A quasit (D:8)
  A centaur skeleton (D:7)
  A goliath beetle (D:6)
  10 orc wizards
  Crazy Yiuf (D:6)
  5 hounds
  A black bear skeleton (D:7)
  2 iguanas
  7 worker ants
  Jessica (D:3)
  A hound skeleton (D:6)
  6 gnolls (D:8)
  8 adders
  2 green rats (D:9)
  An inept feature mimic (D:7)
  4 worms
  2 giant eyeballs
  3 oozes
  33 orcs
  31 bats
  5 giant cockroaches
  23 hobgoblins
  4 jackals (D:7)
  8 quokkas
  2 ball pythons
  A ball python skeleton (D:5)
  7 giant geckos
  A giant gecko skeleton (D:8)
  4 giant newts
  A giant newt skeleton (D:4)
  10 goblins
  21 kobolds
  A kobold skeleton (D:8)
  An orc zombie (D:5)
  23 rats
  9 ballistomycetes (D:8)
283 creatures vanquished.

Vanquished Creatures (others)
  An orc (D:8)
  A hobgoblin (D:1)
  A giant newt (D:2)
  2 giant spores (D:8)
  5 rats
  A ballistomycete (D:8)
  3 fungi (D:9)
14 creatures vanquished.

Grand Total: 297 creatures vanquished

Notes
Turn   | Place    | Note
--------------------------------------------------------------
     0 | D:1      | Kae, the Tengu Fire Elementalist, began the quest for the Orb.
     0 | D:1      | Reached XP level 1. HP: 10/10 MP: 3/3
   200 | D:1      | Reached XP level 2. HP: 4/15 MP: 0/5
   770 | D:1      | Reached XP level 3. HP: 12/19 MP: 2/6
  1702 | D:2      | Reached XP level 4. HP: 24/24 MP: 4/8
  1788 | D:2      | Reached skill level 4 in Fire Magic
  2305 | D:3      | Noticed Jessica
  2312 | D:3      | Killed Jessica
  2459 | D:3      | Reached XP level 5. HP: 14/28 MP: 4/11
  3257 | D:3      | Found a bloodstained altar of Trog.
  3656 | D:4      | Reached skill level 5 in Conjurations
  3658 | D:4      | Found a shattered altar of Ashenzari.
  4056 | D:4      | Reached skill level 5 in Fire Magic
  4056 | D:4      | Reached XP level 6. HP: 29/32 MP: 11/13
  4145 | D:4      | Learned a level 2 spell: Throw Flame
  4149 | D:4      | Learned a level 3 spell: Conjure Flame
  4154 | D:4      | Learned a level 4 spell: Sticky Flame
  4838 | D:5      | Entered Level 5 of the Dungeon
  5019 | D:5      | Reached skill level 6 in Conjurations
  5019 | D:5      | Reached XP level 7. HP: 36/36 MP: 16/16
  5211 | D:5      | Found a shattered altar of Ashenzari.
  5899 | D:6      | Noticed Grinder
  5970 | D:6      | Reached skill level 7 in Conjurations
  6118 | D:6      | Reached XP level 8. HP: 26/41 MP: 7/19
  6525 | D:6      | Reached skill level 8 in Conjurations
  6687 | D:6      | Found a staircase to the Ecumenical Temple.
  6784 | Temple   | Entered the Ecumenical Temple
  6829 | Temple   | Became a worshipper of Vehumet
  7211 | D:6      | Paralysed by Grinder for 4 turns
  7219 | D:6      | Paralysed by Grinder for 2 turns
  7224 | D:6      | Paralysed by Grinder for 7 turns
  7231 | D:6      | Killed Grinder
  7231 | D:6      | Reached skill level 9 in Conjurations
  7350 | D:6      | Noticed Edmund
  7472 | D:6      | Killed Edmund
  7472 | D:6      | Reached XP level 9. HP: 37/45 MP: 7/21
  8066 | D:6      | Noticed Crazy Yiuf
  8079 | D:6      | Killed Crazy Yiuf
  8190 | D:7      | Found a staircase to the Ecumenical Temple.
  8203 | D:7      | Found a shimmering altar of Xom.
  8224 | D:7      | the staircase to the Ecumenical Temple was a mimic.
  8258 | D:7      | Paralysed by a giant eyeball for 2 turns
  8554 | D:7      | Reached skill level 10 in Conjurations
  8942 | D:7      | Acquired Vehumet's first power
  8942 | D:7      | Offered knowledge of Shock by Vehumet.
  8953 | D:7      | Learned a level 1 spell: Shock
  8959 | D:7      | Learned a level 5 spell: Fireball
  9469 | D:8      | Reached skill level 5 in Spellcasting
  9544 | D:8      | Noticed Somebody's ghost (experienced MiFi)
 10690 | D:8      | Reached skill level 11 in Conjurations
 10733 | D:8      | Offered knowledge of Searing Ray by Vehumet.
 11022 | D:8      | Reached skill level 10 in Fire Magic
 11022 | D:8      | Reached XP level 10. HP: 46/50 MP: 2/23
 11404 | D:9      | Noticed Duvessa
 11406 | D:9      | Noticed Dowan
 11582 | D:9      | Noticed JogiH's ghost (experienced DjWz)
 12438 | D:9      | Offered knowledge of Dazzling Spray by Vehumet.
 12590 | D:9      | Noticed Psyche
 13003 | D:9      | Killed Dowan
 13108 | D:9      | HP: 1/50 [crocodile (10)]
 13108 | D:9      | Annihilated by an orc warrior

Action                   |  1- 3 |  4- 6 |  7- 9 | 10-12 || total
-------------------------+-------+-------+-------+-------++-------
Melee: Unarmed           |     6 |       |       |       ||     6
       Short sword       |    21 |    79 |   123 |    37 ||   260
Throw: Dart              |       |       |       |     1 ||     1
 Cast: Flame Tongue      |    72 |    70 |   263 |   125 ||   530
       Throw Flame       |       |     5 |    29 |     5 ||    39
       Conjure Flame     |       |       |    15 |     6 ||    21
       Sticky Flame      |       |       |     5 |     3 ||     8
       Shock             |       |       |       |    15 ||    15
 Abil: Fly               |       |     1 |     1 |     1 ||     3
Evoke: Wand              |       |       |       |     3 ||     3
  Use: Scroll            |       |     9 |     8 |     4 ||    21
       Potion            |       |       |     1 |     1 ||     2
 Stab: Distracted        |     1 |       |       |       ||     1
       Sleeping          |       |     3 |       |       ||     3
